 Dungeon Crawl Stone Soup version 0.29-a0-231-g945431f764 (webtiles) character file.

Game seed: 7558388747936657872

190 lunkers the Bolt Thrower (level 6, -1/44 HPs)
             Began as a Formicid Hunter on Feb 28, 2022.
             Killed by nerve-wracking pain
             ... invoked by Grinder
              (10 damage)
             ... on level 4 of the Dungeon.
             The game lasted 00:03:19 (3317 turns).

lunkers the Bolt Thrower (Formicid Hunter)          Turns: 3317, Time: 00:03:19

Health: -1/44      AC:  8    Str: 16    XL:     6   Next: 1%
Magic:  6/6        EV:  9    Int: 11    God:
Gold:   150        SH:  0    Dex: 13    Spells: 5/5 levels left

rFire   . . .      SeeInvis +   a - +1 hand crossbow
rCold   . . .      Faith    .   (no shield)
rNeg    . . .      Spirit   .   e - +0 scale mail
rPois   .          Reflect  .   (helmet unavailable)
rElec   .          Harm     .   n - +0 cloak
rCorr   .          Rampage  .   (no gloves)
Will    .....                   q - +0 pair of boots
Stlth   ..........              (no amulet)
HPRegen 0.14/turn               (no ring)
MPRegen 0.10/turn               (no ring)

@: no status effects
A: permanent stasis, dig shafts and tunnels, antennae 3, four strong arms
a: Dig, Shaft Self


You were on level 4 of the Dungeon.
You visited 1 branch of the dungeon, and saw 4 of its levels.

You collected 150 gold pieces.

Inventory:

Hand Weapons
 a - a +1 hand crossbow (weapon)
 b - a +2 quarterstaff of chaos
 o - the +4 mace of the Flying Scorpion {holy, rPois}
   (You found it on level 2 of the Dungeon)

   It has been blessed by the Shining One to cause great damage to the undead
   and demons.
   rPois:     It protects you from poison.
Armour
 e - a +0 scale mail (worn)
 n - a +0 cloak (worn)
 q - a +0 pair of boots (worn)
Wands
 g - a wand of polymorph (5)
 r - a wand of acid (9)
Scrolls
 d - a scroll of torment {unknown}
 h - 2 scrolls of amnesia {unknown}
 j - a scroll of magic mapping {unknown}
 m - a scroll of fear {unknown}
 p - 3 scrolls of teleportation {unknown}
 t - a scroll of identify
 u - a scroll of blinking {unknown}
Potions
 c - a potion of heal wounds
 f - a potion of magic
 i - a potion of lignification
 k - 2 potions of curing
 l - a potion of haste
 s - a potion of might {unknown}


   Skills:
 - Level 2.1 Fighting
 * Level 6.8 Crossbows
 - Level 1.7 Dodging
 - Level 1.2 Stealth


You had 5 spell levels left.
You didn't know any spells.
Your spell library contained the following spells:

 Spells                   Type           Power      Damage    Failure   Level
 Magic Dart               Conj           0%         1d3       80%         1
 Call Imp                 Summ           0%         N/A       90%         2
 Mephitic Cloud           Conj/Pois/Air  0%         N/A       99%         3


Dungeon Overview and Level Annotations

Branches:
Dungeon (4/15)
 Temple: D:4-7

Altars:

Annotations:
D:4 Grinder


Innate Abilities, Weirdness & Mutations

You cannot be hasted, slowed, berserked, paralysed or teleported.
You can dig through walls and to a lower floor.
You have a pair of large antennae on your head. (SInv)
Your four strong arms can wield two-handed weapons with a shield.


Message History

The bolt hits Grinder but does no damage.
Grinder is heavily wounded.
You feel sick.
Grinder says, "DUCK!"
Grinder gestures at you. Pain shoots through your body!
* * * LOW HITPOINT WARNING * * *
Grinder gestures at you. Pain shoots through your body!
* * * LOW HITPOINT WARNING * * *
Shoot: a) +1 hand crossbow
Press: ? - help, Q - select action, (/) - cycle Shift-Dir - straight line, f/p - Grinder
Aim: Grinder (heavily wounded, fast, 61% to hit)
You shoot a bolt. The bolt closely misses Grinder.
You feel sick.
You are no longer poisoned.
Grinder closely misses you. Grinder gestures at you.
You struggle to resist.
Unknown command.
Shoot: a) +1 hand crossbow
Press: ? - help, Q - select action, (/) - cycle Shift-Dir - straight line, f/p - Grinder
Aim: Grinder (moderately wounded, fast, 61% to hit)
You shoot a bolt. The bolt closely misses Grinder.
Grinder says, "FISH!"
Grinder gestures at you.
Your stasis prevents you from being paralysed.
Grinder barely misses you.
Unknown command.
Unknown command.
Shoot: a) +1 hand crossbow
Press: ? - help, Q - select action, (/) - cycle Shift-Dir - straight line, f/p - Grinder
Aim: Grinder (moderately wounded, fast, 61% to hit)
You shoot a bolt.
The bolt hits Grinder but does no damage.
Grinder is moderately wounded.
Grinder barely misses you. Grinder gestures at you.
Pain shoots through your body!
You die...

.
....###########
......5@......#
##.##########.#
###'## #....#
#....# #....#
#....# #....#
#####....#


You could see Grinder (fast).

Vanquished Creatures
  Crazy Yiuf (D:2)
  Natasha (D:3)
  5 adders
  2 worms
  2 dart slugs
  An orc (D:4)
  8 ball pythons
  A bat (D:1)
  7 endoplasms
  6 giant cockroaches
  7 goblins
  10 hobgoblins
  7 jackals
  4 kobolds
  3 quokkas
  7 frilled lizards
  5 rats
77 creatures vanquished.

Vanquished Creatures (others)
  2 fungi (D:2)
2 creatures vanquished.

Grand Total: 79 creatures vanquished

Notes
Turn   | Place    | Note
-------+----------+-------------------------------------------
     0 | D:1      | lunkers the Formicid Hunter began the quest for the Orb.
     0 | D:1      | Reached XP level 1. HP: 16/16 MP: 1/1
   244 | D:1      | Reached XP level 2. HP: 18/22 MP: 2/2
   692 | D:1      | Reached XP level 3. HP: 25/27 MP: 3/3
   823 | D:1      | Reached skill level 5 in Crossbows
  1292 | D:2      | Reached XP level 4. HP: 33/33 MP: 4/4
  1521 | D:2      | Found a faded altar of an unknown god.
  1969 | D:2      | Found a runed translucent door.
  1970 | D:2      | Noticed Crazy Yiuf
  1983 | D:2      | Killed Crazy Yiuf
  1984 | D:2      | Reached skill level 6 in Crossbows
  1984 | D:2      | Reached XP level 5. HP: 20/38 MP: 5/5
  1989 | D:2      | Identified the +4 mace of the Flying Scorpion {holy, rPois}
  2785 | D:3      | Noticed Natasha
  2796 | D:3      | Killed Natasha
  3307 | D:4      | Noticed Grinder
  3313 | D:4      | Reached XP level 6. HP: 37/44 MP: 6/6
  3317 | D:4      | Killed from afar by Grinder

Illustrated notes

Levels and vault maps discovered:
D:1:      minmay_arrival_hallway, layout_loops_ring, minmay_pentomino_u2
D:2:      layout_loops_cross, chequers_ecumenical_altar_simple_redux,
          uniq_crazy_yiuf_cottage
D:3:      layout_basic, minmay_pentangle, uniq_natasha
D:4:      layout_basic, mainiacjoe_overflow_alcove_4, uniq_blork_the_orc,
          uniq_grinder

Skill      XL: |  1  2  3  4 |
---------------+-------------+-----
Crossbows      | 5 6 |  6.8
Fighting       | |  2.1
Dodging        | |  1.7
Stealth        | |  1.2

Action                   |  1- 3 |  4- 6 || total
-------------------------+-------+-------++-------
Melee: Unarmed           |       |     3 ||     3
 Fire: Hand crossbow     |   112 |   147 ||   259
 Abil: Dig               |     2 |     1 ||     3
  Use: Scroll            |       |     4 ||     4
Armor: Leather armour    |     1 |       ||     1
       Scale mail        |    30 |    40 ||    70
Dodge: Dodged            |    45 |    33 ||    78

Table legend: (Time is in decaauts)
 A = Elapsed time spent in this place.
 B = Non-inter-level travel time spent in this place.
 C = Inter-level travel time spent in this place.
 D = Time resting spent in this place.
 E = Time spent auto-exploring this place.
 F = Levels seen in this place.
 G = Mean time per level.
                   A        B        C        D        E       F      G
               +--------+--------+--------+--------+--------+-----+--------+
         Total |   3425 |   3314 |    111 |      0 |   2744 |   4 |  856.2 |
       Dungeon |   3425 |   3314 |    111 |      0 |   2744 |   4 |  856.2 |
               +--------+--------+--------+--------+--------+-----+--------+

Top non-repeatable levels by time:
     D:1: 1175 daAuts
     D:3: 1082 daAuts
     D:2: 1055 daAuts
     D:4: 112 daAuts
